 Dungeon Crawl Stone Soup version 0.24-a0-415-g6d73c25c48 (webtiles) character file.

Game seed: 11684639705466000381

110402 theanonym the Wrestler (level 15, -2/144 HPs)
             Began as a Troll Fighter on June 7, 2019.
             Was the Champion of Jiyva.
             Slain by a 13-headed hydra (9 damage)
             ... on level 1 of the Swamp.
             The game lasted 00:46:46 (23526 turns).

theanonym the Wrestler (Troll Fighter)             Turns: 23526, Time: 00:46:46

Health: -2/144     AC: 15    Str: 28    XL:     15   Next: 71%
Magic:  14/14      EV:  7    Int: 11    God:    Jiyva [******]
Gold:   1792       SH: 11    Dex: 21    Spells: 14/14 levels left

rFire    + . .     SeeInvis +     - Unarmed
rCold    + . .     Gourm    +   b - +1 shield
rNeg     . . .     Faith    .   m - +3 troll leather armour
rPois    +         Spirit   .   D - +0 hat {MR+}
rElec    .         Reflect  .   A - +2 cloak
rCorr    +         Harm     .   (gloves unavailable)
MR       +++..                  (boots unavailable)
Stlth    ++........             l - amulet of the Empty Page {Fragile +Inv Regen+ Str+3 Int+4}
HPRegen  1.54/turn              O - ring "Dagual" {rPois EV-2 Str+2 Slay+2}
MPRegen  0.14/turn              N - ring "Abuotey" {rF+ rC+ Int+2 Dex+3 SInv}

@: about to teleport, lightly drained
A: large, unfitting armour, claws 3, fangs 1, fast metabolism 3, gourmand, magic
resistance 1, regeneration 1, shaggy fur 1, tough skin 3
}: 1/15 runes: slimy
a: Request Jelly, Slimify, Cure Bad Mutation, Renounce Religion, Evoke
Invisibility


Innate Abilities, Weirdness & Mutations

You are too large for most types of armour.
You have claws for hands.
Your metabolism is lightning-fast.
You like to eat raw meat.
Your natural rate of healing is unusually fast.
You are covered in fur. (AC +1)
You have extremely tough skin. (AC +3)
You have very sharp teeth.
You are resistant to hostile enchantments. (MR+)


   Skills:
 + Level 8.3(8.1) Fighting
 + Level 7.8(7.7) Armour
 + Level 3.1(3.0) Dodging
 + Level 3.1(2.9) Shields
 + Level 22.6(22.4) Unarmed Combat


You had 14 spell levels left.
You didn't know any spells.
Your spell library contained the following spells:

 Spells                   Type           Power        Failure   Level  Hunger
 Confusing Touch          Hex            #.....       82%         1    ##.....
 Flame Tongue             Conj/Fire      #....        82%         1    ##.....
 Freeze                   Ice            #...         82%         1    ##.....
 Infusion                 Chrm           #...         82%         1    ##.....
 Magic Dart               Conj           #...         82%         1    ##.....
 Shock                    Conj/Air       #...         82%         1    ##.....
 Blink                    Tloc           N/A          91%         2    ###....
 Call Imp                 Summ           #.......     91%         2    ###....
 Ensorcelled Hibernation  Hex/Ice        #.....       91%         2    ###....
 Shroud of Golubria       Chrm/Tloc      #.....       91%         2    ###....
 Slow                     Hex            #.......     91%         2    ###....
 Song of Slaying          Chrm           #.......     91%         2    ###....
 Swiftness                Chrm/Air       #.......     91%         2    ###....
 Throw Flame              Conj/Fire      #.....       91%         2    ###....
 Throw Frost              Conj/Ice       #.....       91%         2    ###....
 Call Canine Familiar     Summ           #.......     99%         3    ####...
 Confuse                  Hex            #.......     99%         3    ####...
 Conjure Flame            Conj/Fire      #.......     99%         3    ####...
 Gell's Gravitas          Tloc           #.........   99%         3    ####...
 Inner Flame              Hex/Fire       #.......     99%         3    ####...
 Lesser Beckoning         Tloc           #.........   99%         3    ####...
 Mephitic Cloud           Conj/Pois/Air  #.......     99%         3    ####...
 Ozocubu's Armour         Chrm/Ice       #.......     99%         3    ####...
 Spider Form              Tmut/Pois      #.........   99%         3    ####...
 Static Discharge         Conj/Air       #.......     99%         3    ####...
 Teleport Other           Tloc           #.......     99%         3    ####...
 Airstrike                Air            #.........   100%        4    #####..
 Ice Form                 Ice/Tmut       #.......     100%        4    #####..
 Passage of Golubria      Tloc           N/A          100%        4    #####..
 Petrify                  Tmut/Erth      #.......     100%        4    #####..
 Sticky Flame             Conj/Fire      #.......     100%        4    #####..
 Summon Ice Beast         Ice/Summ       #.......     100%        4    #####..
 Throw Icicle             Conj/Ice       #.......     100%        4    #####..
 Blade Hands              Tmut           #.........   100%        5    ######.
 Borgnjor's Vile Clutch   Necr/Erth      #.........   100%        5    ######.
 Fireball                 Conj/Fire      #.........   100%        5    ######.
 Irradiate                Conj/Tmut      #.........   100%        5    ######.
 Iskenderun's Battlesphe  Conj/Chrm      #.......     100%        5    ######.
 Lightning Bolt           Conj/Air       #.........   100%        5    ######.
 Metabolic Englaciation   Hex/Ice        #.........   100%        5    ######.
 Silence                  Hex/Air        #.........   100%        5    ######.
 Yara's Violent Unravell  Hex/Tmut       #.........   100%        5    ######.
 Darkness                 Hex            #.........   100%        6    #######
 Deflect Missiles         Chrm/Air       #.........   100%        6    #######
 Hydra Form               Tmut           #.........   100%        6    #######
 Shadow Creatures         Summ           N/A          100%        6    #######
 Simulacrum               Ice/Necr       #.........   100%        6    #######
 Statue Form              Tmut/Erth      #........    100%        6    #######
 Dragon Form              Tmut           #.........   100%        7    #######
 Ring of Flames           Chrm/Fire      #.........   100%        7    #######
 Ignition                 Fire           #.........   100%        8    #######

Skill      XL: |  1  2  3  4  5  6  7  8  9 10 11 12 13 14 15 |
---------------+----------------------------------------------+-----
Unarmed Combat | 3 4 5 6 8 9 11 13 16 18 20 21 22 | 22.6
Armour         | 2 6 7 |  7.8
Fighting       | 3 6 8 |  8.3
Dodging        | 3 |  3.1
Shields        | 3 |  3.1

Action                   |  1- 3 |  4- 6 |  7- 9 | 10-12 | 13-15 || total
-------------------------+-------+-------+-------+-------+-------++-------
Melee: Unarmed           |   105 |   283 |   312 |   523 |  1022 ||  2245
       Headbutt          |       |       |       |       |    33 ||    33
       Bite              |       |       |       |       |    23 ||    23
       Peck              |       |       |       |       |    16 ||    16
Throw: Throwing net      |       |       |       |       |     3 ||     3
Invok: Divine Shield     |       |       |       |     1 |       ||     1
       Request Jelly     |       |       |       |       |    17 ||    17
Evoke: Wand              |       |       |     1 |    12 |    21 ||    34
       Box of beasts     |       |       |       |       |     1 ||     1
  Use: Scroll            |     2 |     5 |    10 |    12 |    16 ||    45
       Potion            |       |     1 |     1 |     3 |     6 ||    11
 Stab: Sleeping          |       |       |       |       |     2 ||     2
       Fleeing           |       |       |       |       |     1 ||     1
       Distracted        |       |       |       |       |     1 ||     1
  Eat: Chunk             |    14 |    15 |    36 |    47 |    64 ||   176
Armor: Robe              |    25 |    79 |    51 |    66 |       ||   221
       Troll leather arm |       |       |       |    39 |   364 ||   403
       Skin              |       |       |       |       |     7 ||     7
Dodge: Dodged            |    23 |    66 |    54 |   110 |   206 ||   459
Block: Shield            |    59 |   207 |   181 |   353 |   598 ||  1398
       Reflection        |     3 |     1 |     2 |     6 |    15 ||    27

Inventory:

Missiles
 Q - 18 large rocks (quivered)
Armour
 b - a +1 shield (worn)
 m - a +3 troll leather armour (worn)
 A - a +2 cloak (worn)
 D - a +0 hat of magic resistance (worn)
 J - a +2 robe of magic resistance
Jewellery
 a - the ring "Zinilodu" {*Drain *Slow rF+++ MR+ Int+2}

   [ring of protection from magic]

   It affects your intelligence (+2).
   It renders you almost immune to fire.
   It affects your resistance to hostile enchantments.
   It causes draining when unequipped.
   It may slow you when you take damage.
 l - the amulet of the Empty Page (around neck) {Fragile +Inv Regen+ Str+3 Int+4}

   [amulet of regeneration]

   It affects your strength (+3).
   It affects your intelligence (+4).
   It lets you turn invisible.
   It increases your rate of regeneration.
   It will be destroyed if unequipped.
 s - an uncursed ring of protection from cold
 G - the ring "Xuwineix" {rF+ Str+3 SInv}

   [ring of see invisible]

   It affects your strength (+3).
   It protects you from fire.
   It lets you see invisible.
 L - the ring of Eghusosm {AC+4 Dex+3}

   [ring of protection]

   It affects your AC (+4).
   It affects your dexterity (+3).
 M - the ring of Nassy {rN+ Int+2 Stlth+}

   [ring of intelligence]

   It affects your intelligence (+2).
   It protects you from negative energy.
   It makes you more stealthy.
 N - the ring "Abuotey" (right claw) {rF+ rC+ Int+2 Dex+3 SInv}

   [ring of see invisible]

   It affects your intelligence (+2).
   It affects your dexterity (+3).
   It protects you from fire.
   It protects you from cold.
   It lets you see invisible.
 O - the ring "Dagual" (left claw) {rPois EV-2 Str+2 Slay+2}

   [ring of evasion]

   It affects your evasion (-2).
   It affects your strength (+2).
   It affects your accuracy and damage with ranged weapons and melee attacks
   (+2).
   It protects you from poison.
Wands
 d - a wand of digging (8)
 k - a wand of polymorph (1)
 v - a wand of acid (3)
Scrolls
 f - 3 scrolls of fog
 h - 5 scrolls of silence
 n - 4 scrolls of remove curse
 o - a scroll of immolation
 t - 3 scrolls of teleportation
 w - a scroll of holy word
 y - 4 scrolls of magic mapping
 B - a scroll of blinking
 C - 2 scrolls of fear
 E - 2 scrolls of amnesia
Potions
 i - 6 potions of flight
 j - 2 potions of brilliance
 p - a potion of magic
 u - 2 potions of lignification
 x - 2 potions of cancellation
 z - 11 potions of curing
 F - 4 potions of mutation
 I - 2 potions of ambrosia
Comestibles
 c - 10 chunks of flesh
 e - 35 rations


You were on level 1 of the Swamp.
You worshipped Jiyva.
Jiyva was exalted by your worship.
You were completely stuffed.

You visited 6 branches of the dungeon, and saw 30 of its levels.
You also visited: Sewer and Gauntlet.

You collected 1792 gold pieces.

Dungeon Overview and Level Annotations

Branches:
Dungeon (15/15)            Temple (1/1) D:4            Lair (6/6) D:8
  Swamp (1/4) Lair:4       Spider (0/4) Lair:4        Slime (5/5) Lair:6
    Orc (2/2) D:11            Elf (0/3) Orc:2        Vaults (0/5) D:14
 Depths (0/5) D:15

Altars:
Ashenzari
Cheibriados
Dithmenos
Elyvilon
Fedhas
Gozag
Hepliaklqana
Kikubaaqudgha
Makhleb
Nemelex Xobeh
Okawaru
Qazlal
Ru
Sif Muna
Trog
Uskayaw
Vehumet
Wu Jian
Xom
Yredelemnul
Zin
The Shining One
Beogh
Jiyva

Shops:
D:11 =   Orc:2 [}=(

Annotations:
D:8 exclusion: 2 goblins
Slime:3 Dissolution
Slime:5 Royal Jelly

≈≈≈.≈≈≈≈≈....♣### .♣.
≈≈≈.≈≈≈≈.....≈..#.≈≈≈≈≈♣
.≈.......≈≈.♣...#.≈≈≈...
♣♣♣♣♣♣♣♣♣.≈≈.♣.....≈≈.≈≈
♣♣.♣.≈..♣..#...≈...
♣≈...≈.....#.....♣.
♣≈≈≈.#.....#...≈..§
♣♣...#....D#..≈.≈..
♣♣♣.######@.....♣
♣.........♣≈≈≈♣
♣♣♣...♣♣♣♣ ♣♣ ♣♣♣♣


You could see a 13-headed hydra.

Notes
Turn   | Place    | Note
-------+----------+-------------------------------------------
     0 | D:1      | theanonym the Troll Fighter began the quest for the Orb.
     0 | D:1      | Reached XP level 1. HP: 22/22 MP: 0/0
    26 | D:1      | Reached XP level 2. HP: 26/29 MP: 1/1
    84 | D:1      | Reached skill level 3 in Unarmed Combat
   270 | D:1      | Reached XP level 3. HP: 36/36 MP: 2/2
   723 | D:2      | Reached skill level 4 in Unarmed Combat
   948 | D:2      | Reached XP level 4. HP: 36/44 MP: 3/3
  1345 | D:3      | Reached skill level 5 in Unarmed Combat
  1424 | D:3      | Reached XP level 5. HP: 50/50 MP: 4/4
  1450 | D:3      | Noticed Natasha
  1474 | D:3      | Killed Natasha
  1573 | D:3      | Noticed Terence
  1580 | D:3      | Killed Terence
  1580 | D:3      | Reached skill level 6 in Unarmed Combat
  1964 | D:3      | Noticed Natasha
  1974 | D:3      | Killed Natasha
  1986 | D:3      | Found a glowing drain.
  1990 | D:3      | Reached XP level 6. HP: 51/59 MP: 5/5
  1997 | Sewer    | Entered a sewer
  2281 | Sewer    | Reached skill level 7 in Unarmed Combat
  2421 | D:4      | Noticed Edmund
  2461 | D:4      | Noticed Grinder
  2470 | D:4      | Killed Grinder
  2470 | D:4      | Reached skill level 8 in Unarmed Combat
  2470 | D:4      | Reached XP level 7. HP: 56/66 MP: 6/6
  2509 | D:4      | Noticed Eustachio
  2516 | D:4      | Killed Eustachio
  2603 | D:4      | HP: 25/66 [orc priest/divine providence (11)]
  2616 | D:4      | HP: 27/66 [orc priest/+0 trident (6)]
  2621 | D:4      | HP: 23/66 [poisoned by Edmund]
  2628 | D:3      | HP: 19/66 [poisoned by Edmund]
  2636 | D:3      | HP: 22/66 [poisoned by Edmund]
  2714 | D:3      | Noticed Natasha
  2721 | D:3      | Killed Edmund
  2721 | D:3      | Reached skill level 9 in Unarmed Combat
  2727 | D:3      | Killed Natasha
  3296 | D:4      | HP: 33/66 [orc/+0 trident (10)]
  3372 | D:4      | Reached XP level 8. HP: 74/74 MP: 7/7
  3378 | D:4      | Noticed Blork the orc
  3378 | D:4      | Noticed Duvessa
  3379 | D:4      | Noticed Dowan
  3399 | D:4      | Killed Duvessa
  3399 | D:4      | Reached skill level 10 in Unarmed Combat
  3403 | D:4      | Killed Dowan
  3417 | D:4      | HP: 34/74 [something (7)]
  3419 | D:4      | Killed Blork the orc
  3579 | D:4      | Found a deep blue altar of Sif Muna.
  3822 | D:4      | Found a staircase to the Ecumenical Temple.
  3856 | Temple   | Entered the Ecumenical Temple
  4078 | Temple   | Became a worshipper of the Shining One
  4110 | D:4      | Reached skill level 11 in Unarmed Combat
  4191 | D:5      | Entered Level 5 of the Dungeon
  4474 | D:5      | Reached XP level 9. HP: 80/80 MP: 8/8
  4678 | D:5      | Noticed a moth of wrath
  4686 | D:5      | Found a bloodstained altar of Trog.
  4695 | D:5      | HP: 38/80 [moth of wrath (13)]
  4696 | D:5      | Killed a moth of wrath
  4696 | D:5      | Reached skill level 12 in Unarmed Combat
  5177 | D:6      | Reached * piety under the Shining One
  5187 | D:6      | Found a shattered altar of Ashenzari.
  5395 | D:6      | Noticed Pikel
  5412 | D:6      | Killed Pikel
  5412 | D:6      | Reached skill level 13 in Unarmed Combat
  6323 | D:7      | Found a sacrificial altar of Ru.
  6396 | D:7      | Reached ** piety under the Shining One
  6409 | D:7      | Reached XP level 10. HP: 49/88 MP: 9/9
  6412 | D:7      | Reached skill level 14 in Unarmed Combat
  6514 | D:7      | Found a burning altar of Makhleb.
  6696 | D:7      | Found a blossoming altar of Fedhas.
  6907 | D:7      | Identified the ring of Eghusosm {AC+4 Dex+3}
  6920 | D:7      | Got a scintillating tin ring
  6929 | D:7      | Got a scintillating marble ring
  6932 | D:7      | Got a wavering golden ring
  7290 | D:8      | Reached skill level 15 in Unarmed Combat
  7294 | D:8      | Reached *** piety under the Shining One
  7422 | D:8      | Found a staircase to the Lair.
  7885 | D:8      | HP: 40/87 [hog (5)]
  8130 | D:8      | Found an iron altar of Okawaru.
  8284 | D:8      | Identified the ring of Nassy {rN+ Int+2 Stlth+} (You found
                  | it on level 7 of the Dungeon)
  8286 | D:8      | Identified the cursed ring "Dagual" {rPois EV-2 Str+2
                  | Slay+2} (You found it on level 7 of the Dungeon)
  8293 | D:8      | Identified the ring "Abuotey" {rF+ rC+ Int+2 Dex+3 SInv}
                  | (You found it on level 7 of the Dungeon)
  8355 | Lair:1   | Entered Level 1 of the Lair of Beasts
  8388 | Lair:1   | Noticed a spiny frog
  8388 | Lair:1   | Noticed a spiny frog
  8392 | Lair:1   | Killed a spiny frog
  8392 | Lair:1   | Reached skill level 16 in Unarmed Combat
  8394 | Lair:1   | Killed a spiny frog
  8394 | Lair:1   | Reached XP level 11. HP: 58/93 MP: 10/10
  8660 | Lair:2   | Noticed an eight-headed hydra
  8671 | Lair:2   | HP: 26/93 [komodo dragon (46)]
  8790 | Lair:2   | HP: 46/94 [eight-headed hydra (8)]
  8791 | Lair:2   | Killed a nine-headed hydra
  8915 | Lair:3   | Reached **** piety under the Shining One
  8924 | Lair:3   | HP: 47/94 [blink frog (7)]
  8929 | Lair:2   | HP: 44/94 [elephant (5)]
  8930 | Lair:2   | Reached skill level 17 in Unarmed Combat
  9122 | Lair:3   | Noticed a queen ant
  9136 | Lair:3   | Killed a queen ant
  9257 | Lair:3   | Found a gate leading to a gauntlet.
  9266 | Gauntlet | Entered a Gauntlet
  9266 | Gauntlet | Found a transporter.
  9266 | Gauntlet | Found a runed translucent door.
  9267 | Gauntlet | Found a runed translucent door.
  9273 | Gauntlet | Found a transporter.
  9276 | Gauntlet | Found a transporter.
  9286 | Gauntlet | Found a transporter.
  9289 | Gauntlet | Reached ***** piety under the Shining One
  9294 | Gauntlet | Found a transporter.
  9307 | Gauntlet | Noticed a wizard
  9310 | Gauntlet | Found a transporter.
  9320 | Gauntlet | Found a transporter.
  9323 | Gauntlet | Noticed a wizard
  9330 | Gauntlet | Found a transporter.
  9334 | Gauntlet | Noticed a sixfirhy
  9335 | Gauntlet | Found a transporter.
  9336 | Gauntlet | Noticed a sixfirhy
  9337 | Gauntlet | Found a transporter.
  9338 | Gauntlet | Found a transporter.
  9339 | Gauntlet | Found a runed translucent gate.
  9339 | Gauntlet | Found a runed translucent gate.
  9339 | Gauntlet | Found a runed translucent gate.
  9339 | Gauntlet | Noticed a sixfirhy
  9339 | Gauntlet | Noticed a fire crab
  9351 | Gauntlet | Noticed a sixfirhy
  9371 | Gauntlet | Found a transporter.
  9427 | Gauntlet | Found a transporter.
  9437 | Gauntlet | Found a transporter.
  9533 | Gauntlet | Reached skill level 18 in Unarmed Combat
  9622 | Gauntlet | Reached XP level 12. HP: 102/104 MP: 11/11
  9676 | Gauntlet | Noticed a minotaur
  9688 | Gauntlet | Killed a minotaur
  9713 | Lair:3   | HP: 49/104 [/a scroll of torment (30)]
 10070 | Lair:4   | Found a hole to the Spider Nest.
 10224 | Lair:4   | Found a staircase to the Swamp.
 10501 | Lair:5   | Noticed Sonja
 10504 | Lair:5   | Noticed Sonja
 10504 | Lair:5   | Sonja changed into Sonja the hog
 10506 | Lair:5   | Killed Sonja the hog
 10506 | Lair:5   | Reached skill level 19 in Unarmed Combat
 10557 | Lair:5   | Noticed Josephine
 10574 | Lair:5   | Killed Josephine
 10696 | Lair:5   | HP: 52/104 [black mamba (9)]
 10701 | Lair:5   | HP: 51/104 [poisoned by a black mamba]
 10706 | Lair:5   | HP: 50/104 [poisoned by a black mamba]
 10711 | Lair:5   | HP: 51/104 [poisoned by a black mamba]
 10716 | Lair:5   | HP: 49/104 [poisoned by a black mamba]
 10831 | Lair:5   | Got a glittering jade ring
 10878 | Lair:5   | Identified the ring "Xuwineix" {rF+ Str+3 SInv} (You found
                  | it on level 5 of the Lair of Beasts)
 11253 | Lair:6   | Entered Level 6 of the Lair of Beasts
 11323 | Lair:6   | Noticed a four-headed hydra
 11333 | Lair:6   | Killed a six-headed hydra
 11385 | Lair:6   | Noticed a catoblepas
 11391 | Lair:6   | Killed a catoblepas
 11533 | Lair:6   | Found a viscous altar of Jiyva.
 11533 | Lair:6   | Found a staircase to the Slime Pits.
 11597 | Lair:6   | Fell from the grace of the Shining One
 11597 | Lair:6   | Became a worshipper of Jiyva Jiadim the Shapeless
 11631 | Lair:6   | Noticed a six-headed hydra
 11782 | Lair:1   | Reached skill level 20 in Unarmed Combat
 12150 | Lair:2   | Reached XP level 13. HP: 98/110 MP: 12/12
 12190 | Lair:2   | Reached * piety under Jiyva
 12399 | Lair:2   | HP: 50/110 [rime drake/flash freeze (24)]
 12407 | Lair:2   | HP: 44/110 [something/ball of steam (2)]
 12425 | Lair:2   | HP: 51/110 [something/ball of steam (3)]
 12508 | Lair:2   | Reached ** piety under Jiyva
 12563 | Lair:2   | Reached *** piety under Jiyva
 12893 | Lair:2   | Gained mutation: You have a pair of small horns on your
                  | head. [Jiyva's grace]
 13540 | Lair:3   | Gained mutation: You are agile. (Dex +2) [Jiyva's grace]
 13831 | Lair:6   | HP: 52/110 [elephant (15)]
 13840 | Lair:6   | HP: 48/110 [elephant (1)]
 13841 | Lair:6   | Reached skill level 21 in Unarmed Combat
 14009 | Lair:6   | Reached **** piety under Jiyva
 14166 | Lair:6   | Gained mutation: Your rubbery body absorbs attacks. (AC +1,
                  | EV +1) [Jiyva's grace]
 14192 | Lair:6   | Reached ***** piety under Jiyva
 14201 | Lair:6   | Lost mutation: You have a pair of small horns on your head.
                  | [Jiyva's grace]
 14278 | Lair:6   | HP: 55/110 [six-headed hydra (12)]
 14283 | Lair:6   | HP: 54/110 [six-headed hydra (9)]
 14287 | Lair:6   | HP: 23/110 [ten-headed hydra (8)]
 14310 | Lair:6   | Gained mutation: You are covered in slimy tendrils that may
                  | disarm your opponents. [Jiyva's grace]
 14455 | Lair:6   | Reached skill level 1 in Armour
 14473 | Lair:6   | Reached skill level 3 in Fighting
 14476 | Lair:6   | Noticed a dire elephant
 14494 | Lair:6   | HP: 44/111 [dire elephant (23)]
 14499 | Lair:6   | HP: 16/111 [dire elephant (25)]
 14514 | Lair:6   | HP: 49/111 [dire elephant (8)]
 14529 | Lair:6   | HP: 37/111 [dire elephant (28)]
 14530 | Lair:6   | HP: 13/111 [dire elephant (25)]
 14553 | Lair:6   | HP: 46/111 [dire elephant (14)]
 14558 | Lair:5   | HP: 51/111 [dire elephant (1)]
 14622 | Lair:5   | HP: 54/111 [dire elephant (28)]
 14645 | Lair:5   | HP: 44/111 [dire elephant (12)]
 14647 | Lair:5   | Killed a dire elephant
 14647 | Lair:5   | Reached skill level 2 in Armour
 14763 | Lair:5   | HP: 36/113 [death yak (24)]
 15019 | Lair:6   | Lost mutation: Your rubbery body absorbs attacks. (AC +1,
                  | EV +1) [Jiyva's grace]
 15031 | Lair:6   | Reached ****** piety under Jiyva
 15438 | D:9      | Reached XP level 14. HP: 95/122 MP: 11/13
 15453 | D:9      | Gained mutation: You have a small jelly attached to you
                  | that may absorb incoming projectiles. [Jiyva's grace]
 15476 | D:9      | Reached skill level 4 in Fighting
 15527 | D:9      | Lost mutation: You are agile. (Dex +2) [Jiyva's grace]
 15577 | D:9      | Reached skill level 3 in Armour
 15630 | D:9      | Gained mutation: You have a small jelly attached to you
                  | that senses nearby items. [Jiyva's grace]
 15731 | D:9      | Found a white marble altar of Elyvilon.
 15731 | D:9      | Found a stormy altar of Qazlal.
 15808 | D:9      | Found an opulent altar of Gozag.
 15809 | D:9      | Found a shattered altar of Ashenzari.
 15867 | D:9      | Found a glowing golden altar of the Shining One.
 15873 | D:9      | HP: 61/123 [centaur/arrow (7)]
 15892 | D:9      | HP: 51/123 [centaur (9)]
 16012 | D:10     | Entered Level 10 of the Dungeon
 16264 | D:10     | Gained mutation: You are somewhat resistant to further
                  | mutation. [Jiyva's grace]
 16565 | D:11     | Found Less's Jewellery Emporium.
 16592 | D:11     | Lost mutation: You have a small jelly attached to you that
                  | senses nearby items. [Jiyva's grace]
 16624 | D:11     | Gained mutation: You are clumsy. (Dex -2) [Jiyva's grace]
 16649 | D:11     | Lost mutation: You are clumsy. (Dex -2) [Jiyva's grace]
 16654 | D:11     | Gained mutation: You are resistant to hostile enchantments.
                  | (MR+) [Jiyva's grace]
 16679 | D:11     | Found a staircase to the Orcish Mines.
 16680 | D:11     | Found a runed translucent door.
 16681 | D:11     | Noticed Dominolapin's ghost (journeyman FoWn)
 16712 | D:11     | Killed Dominolapin's ghost
 16766 | D:11     | Reached skill level 4 in Armour
 16774 | D:11     | Lost mutation: You are resistant to hostile enchantments.
                  | (MR+) [Jiyva's grace]
 17144 | D:12     | Reached skill level 5 in Fighting
 17208 | D:12     | Lost mutation: You are somewhat resistant to further
                  | mutation. [Jiyva's grace]
 17316 | D:12     | Gained mutation: Your rubbery body absorbs attacks. (AC +1,
                  | EV +1) [Jiyva's grace]
 17358 | D:12     | Identified the Grimoire of Talismans and the Snowflakes
 17720 | Orc:1    | Entered Level 1 of the Orcish Mines
 17766 | Orc:1    | Lost mutation: You are covered in slimy tendrils that may
                  | disarm your opponents. [Jiyva's grace]
 17781 | Orc:1    | Gained mutation: Your spells are a little easier to cast,
                  | but a little less powerful. [Jiyva's grace]
 17897 | Orc:1    | Found a roughly hewn altar of Beogh.
 17919 | Orc:1    | You fall into a shaft and drop 1 floor!
 17919 | Orc:2    | Entered Level 2 of the Orcish Mines
 18153 | Orc:1    | Lost mutation: You have a small jelly attached to you that
                  | may absorb incoming projectiles. [Jiyva's grace]
 18223 | Orc:2    | HP: 57/128 [two-headed ogre/+0 giant club (14)]
 18234 | Orc:1    | HP: 45/128 [two-headed ogre/+0 giant club (3)]
 18235 | Orc:1    | Reached skill level 5 in Armour
 18323 | Orc:2    | Lost mutation: Your rubbery body absorbs attacks. (AC +1,
                  | EV +1) [Jiyva's grace]
 18440 | Orc:2    | Found Ywinotef's Jewellery Emporium.
 18440 | Orc:2    | Found Valic's Antique Weapon Shop.
 18443 | Orc:2    | Found Teusee's Antique Armour Boutique.
 18443 | Orc:2    | Found Umpi's Gadget Emporium.
 18446 | Orc:2    | Reached skill level 22 in Unarmed Combat
 18462 | Orc:1    | HP: 62/128 [two-headed ogre/+0 giant club (7)]
 18464 | Orc:1    | Reached skill level 6 in Fighting
 18560 | Orc:1    | Lost mutation: Your spells are a little easier to cast, but
                  | a little less powerful. [Jiyva's grace]
 18599 | Orc:2    | HP: 52/130 [two-headed ogre/+0 giant spiked club (19)]
 18599 | Orc:2    | HP: 24/130 [two-headed ogre/+0 giant club (21)]
 18607 | Orc:1    | HP: 23/130 [two-headed ogre/+0 giant spiked club (9)]
 18612 | Orc:1    | HP: 13/130 [two-headed ogre/+0 giant club (14)]
 18722 | Orc:1    | HP: 56/131 [ogre/+0 giant club (21)]
 18732 | Orc:1    | HP: 62/131 [two-headed ogre/+0 giant club (3)]
 18737 | Orc:1    | Reached skill level 6 in Armour
 18739 | Orc:1    | HP: 48/131 [ogre/+0 giant club (7)]
 18741 | Orc:1    | Gained mutation: Your muscles are strong. (Str +2) [Jiyva's
                  | grace]
 18845 | Orc:2    | Gained mutation: You have a small jelly attached to you
                  | that may absorb incoming projectiles. [Jiyva's grace]
 18848 | Orc:2    | Reached XP level 15. HP: 139/139 MP: 12/14
 18861 | Orc:2    | Reached skill level 7 in Fighting
 18863 | Orc:2    | Gained mutation: You expend magic power (3 MP) to
                  | strengthen your wands. [Jiyva's grace]
 18931 | Orc:2    | Found a staircase to the Elven Halls.
 18970 | Orc:2    | Lost mutation: Your muscles are strong. (Str +2) [Jiyva's
                  | grace]
 19512 | D:13     | Gained mutation: You have a small jelly attached to you
                  | that senses nearby items. [Jiyva's grace]
 20255 | D:14     | Noticed Frances
 20271 | D:14     | Killed Frances
 20309 | D:14     | Gained mutation: You have a beak for a mouth. [Jiyva's
                  | grace]
 20377 | D:14     | Found a gate to the Vaults.
 20545 | D:14     | Lost mutation: You have a beak for a mouth. [Jiyva's grace]
 20545 | D:14     | Gained mutation: You have very sharp teeth. [Jiyva's grace]
 20606 | D:15     | Entered Level 15 of the Dungeon
 20652 | D:15     | Reached skill level 7 in Armour
 20822 | D:15     | Found a staircase to the Depths.
 20939 | D:15     | Lost mutation: You have a small jelly attached to you that
                  | senses nearby items. [Jiyva's grace]
 21391 | D:15     | Reached skill level 8 in Fighting
 21501 | D:15     | Got a vibrating graven amulet
 21784 | Swamp:1  | Entered Level 1 of the Swamp
 21978 | Swamp:1  | Gained mutation: You are clumsy. (Dex -2) [Jiyva's grace]
 22087 | Slime:1  | Entered Level 1 of the Pits of Slime
 22087 | Slime:1  | Noticed an azure jelly
 22087 | Slime:1  | Noticed an azure jelly
 22103 | Slime:1  | Noticed an azure jelly
 22104 | Slime:1  | Noticed an azure jelly
 22160 | Slime:2  | Noticed an azure jelly
 22293 | Slime:3  | Noticed Dissolution
 22451 | Slime:4  | Noticed an azure jelly
 22467 | Slime:4  | Noticed an acid blob
 22521 | Slime:5  | Entered Level 5 of the Pits of Slime
 22524 | Slime:5  | Lost mutation: You are clumsy. (Dex -2) [Jiyva's grace]
 22528 | Slime:5  | Gained mutation: You are somewhat resistant to further
                  | mutation. [Jiyva's grace]
 22530 | Slime:5  | Lost mutation: You expend magic power (3 MP) to strengthen
                  | your wands. [Jiyva's grace]
 22542 | Slime:5  | Gained mutation: You are resistant to hostile enchantments.
                  | (MR+) [Jiyva's grace]
 22580 | Slime:5  | Noticed an acid blob
 22600 | Slime:5  | Noticed an acid blob
 22612 | Slime:5  | Noticed an azure jelly
 22622 | Slime:5  | Noticed an acid blob
 22637 | Slime:5  | Noticed an acid blob
 22647 | Slime:5  | Noticed an acid blob
 22658 | Slime:5  | Noticed an acid blob
 22659 | Slime:5  | Found a viscous altar of Jiyva.
 22659 | Slime:5  | Noticed an acid blob
 22659 | Slime:5  | Noticed an azure jelly
 22660 | Slime:5  | Noticed an acid blob
 22671 | Slime:5  | Got a slimy rune of Zot
 22672 | Slime:5  | Identified the Volume of the Volcanoes and Aid
 22681 | Slime:5  | Identified the Disquisition on Creative Moulding
 22692 | Slime:5  | Got a scorched silver ring
 22714 | Slime:5  | Noticed the Royal Jelly
 22721 | Slime:5  | Noticed an acid blob
 22737 | Slime:5  | Noticed an azure jelly
 22820 | Slime:5  | Noticed an azure jelly
 22923 | Slime:1  | Noticed an azure jelly
 22926 | Slime:1  | Noticed an acid blob
 22931 | Slime:1  | Noticed an azure jelly
 23025 | Lair:4   | Lost mutation: You have a small jelly attached to you that
                  | may absorb incoming projectiles. [Jiyva's grace]
 23028 | Swamp:1  | Identified the ring "Zinilodu" {*Drain *Slow rF+++ MR+
                  | Int+2} (You found it on level 5 of the Pits of Slime)
 23030 | Swamp:1  | Identified the amulet of the Empty Page {Fragile +Inv
                  | Regen+ Str+3 Int+4} (You found it on level 15 of the
                  | Dungeon)
 23107 | Swamp:1  | HP: 67/143 [alligator (9)]
 23111 | Swamp:1  | HP: 27/143 [13-headed hydra (10)]
 23111 | Swamp:1  | HP: 1/143 [alligator (14)]
 23116 | Swamp:1  | HP: 12/143 [alligator (12)]
 23117 | Swamp:1  | HP: 2/143 [alligator (9)]
 23329 | Swamp:1  | Noticed a thorn hunter
 23334 | Swamp:1  | HP: 61/143 [tyrant leech (29)]
 23340 | Swamp:1  | HP: 54/214 [thorn hunter/volley of thorns (9)]
 23342 | Swamp:1  | Killed a thorn hunter
 23342 | Swamp:1  | Reached skill level 3 in Dodging
 23342 | Swamp:1  | Reached skill level 3 in Shields
 23490 | Swamp:1  | Lost mutation: You are somewhat resistant to further
                  | mutation. [Jiyva's grace]
 23517 | Swamp:1  | HP: 72/144 [13-headed hydra (4)]
 23523 | Swamp:1  | HP: 71/144 [13-headed hydra (5)]
 23523 | Swamp:1  | HP: 35/144 [13-headed hydra (12)]
 23526 | Swamp:1  | HP: 7/144 [13-headed hydra (12)]
 23526 | Swamp:1  | Slain by a 13-headed hydra

Vanquished Creatures
  A thorn hunter (Swamp:1)
  Frances (D:14)
  The ghost of Dominolapin the Fighter, a journeyman FoWn of Wu Jian (D:11)
  A dire elephant (Lair:5)
  A minotaur (Gauntlet)
  A vault guard (D:14)
  5 ogre magi
  Josephine (Lair:5)
  6 hydras
  A yaktaur captain (D:15)
  2 catoblepae (Lair:6)
  4 centaur warriors (D:15)
  3 alligators (Swamp:1)
  22 two-headed ogres
  4 death yaks
  A queen ant (Lair:3)
  A deep troll shaman (Lair:6)
  2 tengu warriors (D:15)
  An unseen horror (D:12)
  A swamp dragon (Swamp:1)
  Pikel (D:6)
  An ugly thing (D:13)
  An orc knight (Orc:2)
  2 deep elf magi (D:12)
  A moth of wrath (D:5)
  4 cyclopes
  A manticore (D:12)
  18 elephants
  3 black mambas
  3 centaur skeletons
  A gargoyle (D:15)
  14 spiny frogs
  2 komodo dragons
  A yaktaur (D:15)
  11 rime drakes (Lair:2)
  3 meliai (D:15)
  A jumping spider (Lair:4)
  3 polar bears
  A polar bear (shapeshifter) (D:15)
  A tyrant leech (Swamp:1)
  5 bog bodies
  6 trolls
  10 hippogriffs
  7 dream sheep (Lair:2)
  3 blink frogs
  Grinder (D:4)
  A meliai zombie (D:12)
  A centaur simulacrum (D:14)
  A hippogriff (shapeshifter) (D:12)
  9 flying skulls (Gauntlet)
  3 shadows
  6 wraiths
  A ynoxinul (Gauntlet)
  3 redbacks
  25 yaks
  12 humans
  4 wyverns
  5 hogs
  Eustachio (D:4)
  2 basilisks
  3 chaos spawn (Gauntlet)
  13 vampire mosquitoes
  A neqoxec (Gauntlet)
  A hungry ghost (D:13)
  7 steam dragons
  Edmund (D:3)
  A warg (D:11)
  3 swamp worms (Swamp:1)
  13 soldier ants (Lair:3)
  Duvessa (D:4)
  2 acid dragons
  3 water moccasins
  6 porcupines
  2 slaves (D:6)
  21 orc warriors
  3 sky beasts
  3 ice beasts
  5 phantoms
  4 black bears
  A necrophage (D:7)
  10 centaurs
  27 ogres
  4 wolves (Lair:6)
  8 crocodiles
  A big kobold (D:12)
  Blork the orc (D:4)
  19 bullfrogs
  2 gnoll sergeants
  A wyvern zombie (D:13)
  Dowan (D:4)
  A water moccasin skeleton (D:10)
  3 scorpions
  4 wights (D:11)
  A killer bee (D:7)
  5 howler monkeys
  11 crimson imps
  A quasit (D:13)
  3 bullfrog zombies
  8 hounds
  A jelly (D:8)
  19 orc priests
  22 orc wizards
  3 bullfrog skeletons
  4 iron imps (Gauntlet)
  Terence (D:3)
  A gnoll shaman (D:8)
  An iguana (D:5)
  Natasha (thrice) (D:3)
  2 hell rats (Lair:6)
  39 worker ants
  3 hound skeletons
  2 worker ant zombies
  23 gnolls
  8 river rats (Lair:6)
  17 adders
  9 shadow imps
  13 oozes
  3 adder skeletons
  3 worms
  2 dart slugs (D:1)
  20 leopard geckos
  79 orcs
  26 giant cockroaches
  5 goblins
  12 hobgoblins
  19 jackals
  18 kobolds
  2 quokkas
  14 ball pythons
  10 bats
  26 frilled lizards
  A giant cockroach zombie (D:6)
  A quokka skeleton (D:4)
  12 rats
  A briar patch (Swamp:1)
869 creatures vanquished.

Vanquished Creatures (others)
  A deep elf mage (D:15)
  A bog body (Lair:4)
  A soldier ant (D:13)
  2 swamp drakes (Swamp:1)
  An orc warrior (D:11)
  An eye of draining (D:15)
  2 centaurs
  4 ogres
  A bullfrog (D:15)
  65 jellies
  A crimson imp (D:9)
  A quasit (D:11)
  2 orc wizards
  2 worker ants
  A gnoll (D:11)
  An adder (D:9)
  A leopard gecko (D:9)
  10 orcs
  A kobold (D:12)
  A bush (Lair:3)
  17 fungi
  6 plants (Lair:6)
123 creatures vanquished.

Grand Total: 992 creatures vanquished

Table legend:
 A = Turns spent in this place as a percentage of turns spent in the entire game.
 B = Non-inter-level travel turns spent in this place as a percentage of non-inter-level travel turns spent in the entire game.
 C = Inter-level travel turns spent in this place as a percentage of turns spent in this place.
 D = Turns resting spent in this place as a percentage of non-inter-level travel turns spent in this place.
 E = Turns spent auto-exploring this place as a percentage of non-inter-level travel turns spent in this place.
 F = Non-inter-level travel turns spent in this place divided by the number of levels of this place that you've seen.
                   A       B       C       D       E      F
               +-------+-------+-------+-------+-------+----------------------
         Total | 100.0 | 100.0 |   8.2 |   9.7 |  68.9 | 674.7
       Dungeon |  53.7 |  54.3 |   7.2 |   5.4 |  74.8 | 781.7
        Temple |   1.0 |   1.0 |   8.9 |   0.0 |  98.6 | 216.0
          Lair |  28.7 |  27.7 |  11.4 |  15.6 |  63.8 | 996.7
         Swamp |   3.1 |   3.2 |   3.5 |  35.4 |  33.6 | 694.0
    Slime Pits |   3.6 |   3.4 |  13.1 |   0.0 |  90.6 | 148.6
  Orcish Mines |   6.4 |   6.5 |   6.6 |  20.8 |  52.9 | 702.5
         Sewer |   1.6 |   1.8 |   0.0 |   0.0 |  38.6 | 381.0
      Gauntlet |   1.9 |   2.1 |   0.0 |   0.0 |  62.0 | 445.0
               +-------+-------+-------+-------+-------+----------------------
